 Dungeon Crawl Stone Soup version 0.20-a0-522-g0b37eee (webtiles) character file.

385 Lahna the Covert (level 6, 0/28 HPs)
             Began as a Spriggan Enchanter on Jan 24, 2017.
             Was an Initiate of Dithmenos.
             Killed from afar by an orc wizard (5 damage)
             ... with a magic dart
             ... on level 5 of the Dungeon on Jan 25, 2017.
             The game lasted 00:10:48 (4777 turns).

Lahna the Covert (Spriggan Enchanter)               Turns: 4777, Time: 00:10:48

Health: 0/28       AC:  2    Str:  1 (4)  XL:     6   Next: 48%
Magic:  4/11       EV: 18    Int: 14 (17) God:    Dithmenos [......]
Gold:   218        SH:  0    Dex: 16 (18) Spells: 1/10 levels left

rFire    . . .     SeeInvis +   i - +4 dagger
rCold    . . .     Gourm    .   b - +0 robe
rNeg     . . .     Faith    .   (shield restricted)
rPois    .         Spirit   .   (helmet restricted)
rElec    .         Reflect  .   (no cloak)
rCorr    .         Harm     .   (gloves unavailable)
MR       +....                  (boots unavailable)
Stlth    ++++......             (no amulet)
Regen    0.1/turn               (no ring)
                                (no ring)

@: very slightly contaminated, very quick
A: unfitting armour, see invisible, herbivore 3, speed 3, slow metabolism 2
a: Renounce Religion


You were on level 5 of the Dungeon.
You worshipped Dithmenos.
Dithmenos was noncommittal.
You were hungry.

You visited 2 branches of the dungeon, and saw 6 of its levels.

You collected 218 gold pieces.

Inventory:

Hand Weapons
 i - a +4 dagger (weapon)
 m - a +1 short sword of holy wrath
Armour
 b - a +0 robe (worn)
Scrolls
 f - a scroll of blinking {unknown}
 g - a scroll of immolation {unknown}
 h - a scroll of noise {unknown}
 j - 2 scrolls of remove curse {unknown}
 k - 4 scrolls of identify {unknown}
 o - a scroll of enchant armour {unknown}
 p - 5 scrolls of teleportation
 q - 2 scrolls of magic mapping {unknown}
 u - a scroll of enchant weapon {unknown}
 w - a scroll of amnesia {unknown}
Potions
 a - a potion of brilliance
 e - a potion of lignification {unknown}
 l - 2 potions of mutation {unknown}
 r - a potion of agility {unknown}
 s - a potion of magic
 t - 2 potions of cancellation {unknown}
Books
 c - a book of Maledictions

   Spells                             Type                      Level
   a - Corona                         Hexes                        1
   b - Ensorcelled Hibernation        Hexes/Ice                    2
   c - Confuse                        Hexes                        3
   d - Tukima's Dance                 Hexes                        3
   e - Dazzling Spray                 Conjuration/Hexes            3
Comestibles
 d - 4 bread rations
 v - a royal jelly


   Skills:
 + Level 3.2 Short Blades
 - Level 3.0 Dodging
 + Level 8.5 Stealth
 - Level 2.6 Spellcasting
 + Level 5.9 Hexes


You had one spell level left.
You knew the following spells:

 Your Spells              Type           Power        Failure   Level  Hunger
a - Corona                Hex            ###....      1%          1    #......
b - Ensorcelled Hibernat  Hex/Ice        ##....       12%         2    ###....
c - Confuse               Hex            ###.....     8%          3    ###....
d - Tukima's Dance        Hex            ###.....     8%          3    ###....


Dungeon Overview and Level Annotations

Branches:
Dungeon (5/15)             Temple (1/1) D:5

Altars:
Cheibriados
Dithmenos
Kikubaaqudgha
Makhleb
Ru
Sif Muna
Trog
Vehumet
Xom
Yredelemnul
Zin
The Shining One


Innate Abilities, Weirdness & Mutations

You are very small and have problems with some larger weapons.
You are too small for most types of armour.
You have supernaturally acute eyesight. (SInv)
You are a herbivore.
You cover ground extremely quickly.
You need consume almost no food.


Message History

Unknown command.
A ball python comes into view.
Casting: Confuse
Confirm with . or Enter, or press ? or * to list all spells.
Aiming: Ensorcelled Hibernation
Press: ? - help, Shift-Dir - straight line, f/p - orc wizard
Aim: an orc wizard, wielding a dagger and wearing a robe (lightly wounded, fast, chance to defeat MR: 41%)
You miscast Ensorcelled Hibernation.
You are very lightly contaminated with residual magic.
Nothing appears to happen.
The orc wizard is no longer moving quickly.
The orc wizard points at you and mumbles some strange words.
The magic dart hits you!
The orc wizard points at you and mumbles some strange words.
The magic dart hits you!
* * * LOW HITPOINT WARNING * * *
A giant cockroach comes into view.
The orc wizard casts a spell at you. The magic dart hits you!
You die...

..... .░ ░. ░.░ ....░
.░ ░. ░.░ ░....░.░ ░.
░.░ ░░.░.░..░ ░. ░.░
░....... ░░░. ░.░
░.░.░.░░░░... ░.░
░...........
░░░░.░░░░░.....o.....
░...@s..░░.o...░░░.░░
░.░░.░░░░░§§?░░░ ░.░░
░.░░.░ ░§§§o.░░░░o░░
░.░░..░░§§...§.░░...░
░.░░░.░§§§..o§§§░...░
░.░░░..§§.§..§§§(....
░....§§...o_.§§.).░..
░░░░░o§.§§§.§§.§.....
░.░§§§§§§§§§░░░░.


You could see an orc wizard and a giant cockroach (sleeping).

Vanquished Creatures
  A crimson imp (D:5)
  A centaur skeleton (D:4)
  2 orc priests (D:3)
  2 hounds
  A worker ant (D:5)
  2 gnolls
  6 adders
  An ooze (D:1)
  A worm (D:2)
  2 dart slugs (D:1)
  4 leopard geckos
  8 orcs
  4 bats
  5 giant cockroaches
  8 goblins
  5 hobgoblins
  2 jackals (D:1)
  4 kobolds
  3 quokkas
  4 ball pythons
  5 frilled lizards
  3 rats
74 creatures vanquished.

Vanquished Creatures (collateral kills)
  2 gnolls (D:4)
2 creatures vanquished.

Grand Total: 76 creatures vanquished

Notes
Turn   | Place    | Note
-------+----------+-------------------------------------------
     0 | D:1      | Lahna the Spriggan Enchanter began the quest for the Orb.
     0 | D:1      | Reached XP level 1. HP: 9/9 MP: 5/5
    88 | D:1      | Reached skill level 5 in Stealth
   182 | D:1      | Reached XP level 2. HP: 13/13 MP: 6/6
   193 | D:1      | Learned a level 2 spell: Ensorcelled Hibernation
   800 | D:1      | Reached skill level 6 in Stealth
   833 | D:1      | Reached XP level 3. HP: 16/16 MP: 8/8
  1274 | D:2      | Found a bloodstained altar of Trog.
  1765 | D:3      | Reached skill level 7 in Stealth
  1765 | D:3      | Reached XP level 4. HP: 21/21 MP: 9/9
  2299 | D:3      | Found a radiant altar of Vehumet.
  2453 | D:3      | Reached skill level 5 in Hexes
  2465 | D:3      | Reached XP level 5. HP: 16/24 MP: 4/10
  2830 | D:4      | Reached skill level 8 in Stealth
  2913 | D:3      | Reached XP level 6. HP: 10/28 MP: 1/11
  3159 | D:3      | Learned a level 3 spell: Confuse
  3163 | D:3      | Learned a level 3 spell: Tukima's Dance
  4177 | D:5      | Entered Level 5 of the Dungeon
  4183 | D:5      | Found a staircase to the Ecumenical Temple.
  4193 | Temple   | Entered the Ecumenical Temple
  4724 | D:5      | Found a shadowy altar of Dithmenos.
  4750 | D:5      | Became a worshipper of Dithmenos the Shadowed
  4777 | D:5      | Killed from afar by an orc wizard

Vault maps used:
D:1:      dpeg_arrival_solitude, grunt_decor_fettered
D:2:      bloody_trog, hangedman_abyss_or_decor_lesser_grid
D:3:      marbit_many_paths
D:5:      grunt_temple_overflow_opulence, nicolae_dithmenos_the_darkroom,
          minmay_temple_entry_purple_smoke, first_bread, minmay_checkerbox
Temple:   nicolae_temple_figure_zero

Skill      XL: |  1  2  3  4  5  6 |
---------------+-------------------+-----
Stealth        | 5 6 7 8 |  8.5
Hexes          | 4 5 |  5.9
Short Blades   | 2 3 |  3.2
Dodging        | |  3.0
Spellcasting   | |  2.6

Action                   |  1- 3 |  4- 6 || total
-------------------------+-------+-------++-------
Melee: Dagger            |    82 |   122 ||   204
 Cast: Ensorcelled Hiber |    11 |    22 ||    33
       Confuse           |       |     3 ||     3
       Tukima's Dance    |       |     2 ||     2
  Use: Potion            |       |     5 ||     5
       Scroll            |       |     1 ||     1
 Stab: Sleeping          |    20 |    22 ||    42
       Distracted        |     1 |       ||     1
  Eat: Fruit             |       |     3 ||     3
Armor: Robe              |     9 |     7 ||    16
Dodge: Dodged            |    61 |    93 ||   154
